 Dungeon Crawl Stone Soup version 0.18.1-48-g4cf74bf (webtiles) character file.

7256 Justsplatmyhpup the Arsonist (level 11, -17/82 HPs)
             Began as a Hill Orc Fire Elementalist on Aug 5, 2016.
             Was a Believer of Vehumet.
             Demolished by Snorg (19 damage)
             ... on level 11 of the Dungeon.
             The game lasted 00:40:51 (16393 turns).

Justsplatmyhpup the Arsonist (HOFE)                Turns: 16393, Time: 00:40:52

Health: -17/82     AC: 10    Str: 12    XL:     11   Next: 12%
Magic:  4/22       EV: 13    Int: 17    God:    Vehumet [**....]
Gold:   621        SH:  2    Dex: 12    Spells: 5 memorised, 10 levels left

rFire  . . .     SeeInvis .     C - +2 flail (crush)
rCold  . . .     Gourm    .     r - +0 robe {MR+}
rNeg   . . .     Faith    .     (no shield)
rPois  .         Spirit   .     m - +2 helmet
rElec  .         Dismiss  .     y - +1 cloak
rCorr  .         Reflect  +     (no gloves)
SustAt .         Harm     .     v - +2 pair of boots
MR     +....                    i - +2 amulet of reflection
Stlth  ++........               (no ring)
                                (no ring)

@: somewhat resistant to hostile enchantments, unstealthy
A: no striking features
a: Renounce Religion


You were on level 11 of the Dungeon.
You worshipped Vehumet.
Vehumet was pleased with you.
You were hungry.

You visited 2 branches of the dungeon, and saw 12 of its levels.
You also visited: Ossuary.

You collected 822 gold pieces.
You spent 201 gold pieces at shops.

Inventory:

Hand Weapons
 C - a +2 flail of crushing (weapon)
Armour
 m - a +2 helmet (worn)
 r - a +0 robe of magic resistance (worn)
 v - a +2 pair of boots (worn)
 y - a +1 cloak (worn)
Jewellery
 a - a +4 ring of evasion {unknown}
 i - a +2 amulet of reflection (around neck)
 B - an uncursed amulet of guardian spirit {unknown}
Scrolls
 e - 5 scrolls of teleportation
 q - 2 scrolls of recharging
 t - 4 scrolls of remove curse
 u - a scroll of enchant armour
 w - a scroll of amnesia
Potions
 c - 2 potions of mutation
 d - 2 potions of heal wounds
 f - a potion of brilliance
 h - 2 potions of agility
 j - 2 potions of invisibility
 n - 4 potions of might
 s - 2 potions of resistance
 x - a potion of magic
 A - a potion of flight
 D - 4 potions of haste
 E - a potion of cure mutation
Books
 b - a book of Flames

   Spells                             Type                      Level
   a - Flame Tongue                   Conjuration/Fire             1
   b - Throw Flame                    Conjuration/Fire             2
   c - Conjure Flame                  Conjuration/Fire             3
   d - Inner Flame                    Hexes/Fire                   3
   e - Sticky Flame                   Conjuration/Fire             4
   f - Fireball                       Conjuration/Fire             5
Comestibles
 g - 5 fruits
 o - 4 bread rations
 p - 2 beef jerkies
 z - a meat ration


   Skills:
 - Level 3.1 Fighting
 - Level 4.1 Dodging
 - Level 1.5 Stealth
 - Level 7.7 Spellcasting
 - Level 9.0 Conjurations
 + Level 10.2 Fire Magic


You had 10 spell levels left.
You knew the following spells:

 Your Spells              Type           Power        Failure   Level  Hunger
a - Flame Tongue          Conj/Fire      #####        1%          1    None
b - Throw Flame           Conj/Fire      #####.       1%          2    None
c - Conjure Flame         Conj/Fire      #####...     1%          3    #......
d - Sticky Flame          Conj/Fire      #####...     1%          4    ###....
e - Fireball              Conj/Fire      #####.....   8%          5    #####..


Dungeon Overview and Level Annotations

Branches:
Dungeon (11/15)            Temple (1/1) D:6            Lair (0/8) D:8
    Orc: D:9-12

Altars:
Ashenzari
Cheibriados
Dithmenos
Elyvilon
Fedhas
Gozag
Kikubaaqudgha
Makhleb
Nemelex Xobeh
Okawaru
Pakellas
Qazlal
Ru
Trog
Vehumet
Yredelemnul
Zin
The Shining One

Shops:
D:4 ?   D:11 ?

Annotations:
D:5 Eli's ghost, novice HEWz
D:10 Nergalle; harwe's ghost, novice SpEn
D:11 Snorg


Message History

Unknown command.
Unknown command.
Casting: Fireball
Confirm with . or Enter, or press ? or * to list all spells.
Aiming: Sticky Flame
Press: ? - help, Shift-Dir - straight line, f - centaur
Aim: a centaur, wielding a shortbow (almost dead)
The sticky flame hits the centaur.
The centaur is almost dead.
The centaur is covered in liquid flames!
Snorg burns!
The centaur burns!
You kill the centaur!
Vehumet accepts your kill.
You feel your power returning. Snorg completely misses you. Snorg claws you! x2
* * * LOW HITPOINT WARNING * * *
The shadow strikes at you from the darkness!
* * * LOW HITPOINT WARNING * * *
Reactivating autopickup.
Snorg bites you!!
You die...

##...((#.⌠.⌠.#..
##......(.......#
##.......#.....#.#
##..........._....#
#.........#(....#.#
#.................#
#.........#.⌠.⌠.#.......
#......)T...............
#....<.@W.#.....#.......
#.......................
#.....(.................
#>.....................?
#.......................
#.......................
#................#......
#...............###.....
#..............## ##....


You could see Snorg (berserk) and a shadow.

Vanquished Creatures
  Urug (D:10)
  A hill giant (D:10)
  A komodo dragon (D:8)
  A troll (D:9)
  Sigmund (D:3)
  5 yaks (D:9)
  A hippogriff (D:9)
  3 orc warriors (D:6)
  2 ice beasts (D:9)
  A wasp (D:7)
  4 sky beasts
  5 centaurs
  3 ogres
  8 giant frogs
  A big kobold (D:10)
  A wyvern skeleton (D:10)
  A scorpion (D:10)
  A water moccasin zombie (D:9)
  5 wights (D:9)
  A howler monkey (D:4)
  5 crimson imps
  A giant frog zombie (D:6)
  A centaur zombie (D:8)
  7 orc priests
  3 jellies
  10 orc wizards
  2 centaur skeletons
  5 hounds
  4 iguanas
  Ijyb (D:3)
  7 worker ants
  A hound zombie (D:9)
  2 hound skeletons (D:5)
  8 mummies (Ossuary)
  A worker ant zombie (D:9)
  9 gnolls
  A howler monkey skeleton (D:8)
  22 adders
  5 shadow imps
  An ooze (D:7)
  An adder skeleton (D:9)
  An adder zombie (D:9)
  A worm (D:3)
  7 dart slugs
  3 giant geckos
  51 orcs
  3 bats
  6 giant cockroaches
  4 gnoll zombies (Ossuary)
  19 goblins
  5 hobgoblins
  9 jackals
  3 quokkas
  5 giant newts
  A jackal skeleton (D:4)
  A jackal zombie (D:7)
  10 kobolds
  3 kobold zombies (Ossuary)
  An orc zombie (Ossuary)
  4 rats
281 creatures vanquished.

Vanquished Creatures (others)
  A crimson imp (D:5)
  A worker ant (D:5)
  A gnoll (D:5)
  A hobgoblin (D:2)
  3 plants (D:8)
7 creatures vanquished.

Grand Total: 288 creatures vanquished

Notes
Turn   | Place    | Note
--------------------------------------------------------------
     0 | D:1      | Justsplatmyhpup the Hill Orc Fire Elementalist began the quest for the Orb.
     0 | D:1      | Reached XP level 1. HP: 14/14 MP: 3/3
   372 | D:1      | Reached skill level 4 in Fire Magic
   372 | D:1      | Reached XP level 2. HP: 19/20 MP: 1/4
   376 | D:1      | Learned a level 2 spell: Throw Flame
   830 | D:1      | Reached XP level 3. HP: 21/26 MP: 0/5
  1357 | D:2      | Found a glowing golden altar of the Shining One.
  1482 | D:2      | Found a stormy altar of Qazlal.
  1510 | D:2      | Reached skill level 5 in Fire Magic
  1518 | D:2      | Reached XP level 4. HP: 25/33 MP: 3/6
  1723 | D:2      | Found a white marble altar of Elyvilon.
  2349 | D:3      | HP: 1/33 [orc/hand axe (4)]
  2787 | D:2      | Learned a level 3 spell: Conjure Flame
  2958 | D:3      | Noticed Ijyb
  3000 | D:3      | Killed Ijyb
  3000 | D:3      | Reached XP level 5. HP: 15/38 MP: 0/8
  3124 | D:3      | Found a sacrificial altar of Ru.
  3195 | D:3      | Found a blossoming altar of Fedhas.
  3197 | D:3      | Noticed Sigmund
  3516 | D:3      | Killed Sigmund
  3516 | D:3      | Reached XP level 6. HP: 45/45 MP: 5/11
  3528 | D:3      | Learned a level 4 spell: Sticky Flame
  4713 | D:3      | HP: 2/45 [gnoll/flail (3)]
  5206 | D:4      | Found Jokhaff's Magic Scroll Shoppe.
  5209 | D:4      | Bought a scroll of remove curse for 42 gold pieces
  5209 | D:4      | Bought a scroll of identify for 28 gold pieces
  5209 | D:4      | Bought a scroll of enchant armour for 105 gold pieces
  5343 | D:4      | Reached XP level 7. HP: 50/50 MP: 8/13
  5867 | D:4      | You fall through a shaft for 2 floors!
  6099 | D:6      | Reached skill level 6 in Fire Magic
  6271 | D:6      | Reached skill level 7 in Fire Magic
  6300 | D:6      | Reached XP level 8. HP: 49/57 MP: 1/14
  6432 | D:6      | Found a sparkling altar of Nemelex Xobeh.
  6440 | D:6      | Found a sand-covered staircase.
  6445 | Ossuary  | Entered an ossuary
  6515 | Ossuary  | Reached skill level 8 in Fire Magic
  6759 | Ossuary  | Learned a level 5 spell: Fireball
  7022 | Ossuary  | Identified a scroll of acquirement
  7025 | Ossuary  | Identified the Handbook of Mutagenic Evil Secrets (You acquired it in an ossuary)
  7366 | D:6      | Reached skill level 5 in Conjurations
  7853 | D:5      | Entered Level 5 of the Dungeon
  8444 | D:6      | Reached XP level 9. HP: 20/62 MP: 4/15
  8741 | D:6      | Found a staircase to the Ecumenical Temple.
  8810 | Temple   | Entered the Ecumenical Temple
  8879 | Temple   | Became a worshipper of Vehumet
  9058 | D:5      | Noticed Eli's ghost (novice HEWz)
  9060 | D:5      | Reached skill level 9 in Fire Magic
  9498 | D:7      | Reached skill level 1 in Fighting
 10256 | D:7      | Reached * piety under Vehumet
 10256 | D:7      | Offered knowledge of Sandblast by Vehumet.
 10946 | D:8      | Found a staircase to the Lair.
 10947 | D:8      | Noticed a komodo dragon
 10986 | D:8      | Killed a komodo dragon
 10986 | D:8      | Reached skill level 5 in Spellcasting
 11455 | D:8      | Found an ancient bone altar of Kikubaaqudgha.
 11612 | D:8      | Reached skill level 10 in Fire Magic
 11620 | D:8      | Reached XP level 10. HP: 31/77 MP: 2/17
 12374 | D:9      | Reached ** piety under Vehumet
 12469 | D:9      | Offered knowledge of Sting by Vehumet.
 13557 | D:10     | Entered Level 10 of the Dungeon
 13588 | D:10     | Noticed harwe's ghost (novice SpEn)
 13589 | D:10     | Noticed Urug
 13590 | D:10     | Noticed Nergalle
 14754 | D:10     | Killed Urug
 14976 | D:10     | Noticed a hill giant
 14994 | D:10     | Killed a hill giant
 14994 | D:10     | Reached XP level 11. HP: 50/82 MP: 7/21
 15395 | D:10     | HP: 3/82 [poisoned by harwe's ghost]
 15709 | D:11     | Found a white marble altar of Elyvilon.
 15752 | D:11     | Found Oginatur's Magic Scroll Shoppe.
 15760 | D:11     | Bought a scroll of identify for 26 gold pieces
 15878 | D:11     | HP: 4/82 [giant frog (1)]
 16368 | D:11     | Noticed Snorg
 16389 | D:11     | HP: 2/82 [Snorg (22)]
 16393 | D:11     | Demolished by Snorg

Skill      XL: |  1  2  3  4  5  6  7  8  9 10 |
---------------+-------------------------------+-----
Fire Magic     | 4 5 7 8 10 | 10.2
Spellcasting   | 2 3 4 5 7 |  7.7
Conjurations   | 3 4 7 8 9 |  9.0
Fighting       | 3 |  3.1
Dodging        | 4 |  4.1
Stealth        | |  1.5

Action                   |  1- 3 |  4- 6 |  7- 9 | 10-12 || total
-------------------------+-------+-------+-------+-------++-------
Melee: Unarmed           |    13 |       |       |       ||    13
       Whip              |    24 |    15 |       |       ||    39
       Club              |       |    69 |       |       ||    69
       Flail             |       |     5 |   278 |   116 ||   399
 Cast: Flame Tongue      |    38 |    75 |    97 |    11 ||   221
       Throw Flame       |     2 |    13 |     5 |     4 ||    24
       Sticky Flame      |       |     3 |    85 |    58 ||   146
       Conjure Flame     |       |     1 |     4 |     2 ||     7
       Fireball          |       |       |       |     6 ||     6
  Use: Scroll            |     6 |     7 |    18 |     5 ||    36
       Potion            |       |       |     1 |     7 ||     8
 Stab: Sleeping          |     1 |       |       |       ||     1
  Eat: Chunk             |     3 |     6 |    21 |    11 ||    41
       Bread ration      |       |     2 |     2 |     1 ||     5
       Beef jerky        |       |       |     1 |     1 ||     2
       Meat ration       |       |       |     1 |     2 ||     3
Armor: Robe              |    14 |    40 |   176 |    82 ||   312
Dodge: Dodged            |    40 |   108 |   333 |   151 ||   632
Block: Other             |       |     1 |    31 |    11 ||    43
       Reflection        |       |       |     1 |       ||     1
